 Dungeon Crawl Stone Soup version 0.21.1-1-g345015f (webtiles) character file.

43 suicidejoker the Insei (level 3, -2/23 HPs)
             Began as an Octopode Transmuter on Mar 29, 2018.
             Slain by Crazy Yiuf
             ... wielding a +2 quarterstaff of chaos
              (14 damage)
             ... on level 2 of the Dungeon.
             The game lasted 00:02:37 (1142 turns).

suicidejoker the Insei (Octopode Transmuter)        Turns: 1142, Time: 00:02:37

Health: -2/23      AC:  1    Str:  9    XL:     3   Next: 58%
Magic:  6/6        EV: 13    Int: 15    God:
Gold:   67         SH:  3    Dex: 13    Spells: 5/6 levels left

rFire    + . .     SeeInvis .   o - -1 dagger (curse)
rCold    . . .     Gourm    .   j - +0 buckler (curse)
rNeg     . . .     Faith    .   (helmet restricted)
rPois    .         Spirit   .   (no amulet)
rElec    .         Reflect  .   f - ring of protection from fire
rCorr    .         Harm     .   (no ring)
MR       .....                  (no ring)
Stlth    +++.......             (no ring)
HPRegen  0.07/turn              (no ring)
MPRegen  0.10/turn              (no ring)
                                (no ring)
                                (no ring)

@: no status effects
A: almost no armour, stealthy swim, amphibious, 8 rings, constrict 8, camouflage
1, gelatinous body 1
a: no special abilities


You were on level 2 of the Dungeon.
You were hungry.

You visited 1 branch of the dungeon, and saw 2 of its levels.

You collected 67 gold pieces.

Inventory:

Hand Weapons
 a - a +0 short sword
 b - a +0 hunting sling
 o - a cursed -1 dagger (weapon)
Missiles
 g - 42 stones (quivered)
 i - 12 arrows
 k - 24 sling bullets
 l - 4 tomahawks
 n - 16 bolts
Armour
 j - a cursed +0 buckler (worn)
Jewellery
 f - a ring of protection from fire (left tentacle)
Scrolls
 e - a scroll of fear
Potions
 m - a potion of agility {unknown}
Books
 d - a book of Changes

   Spells                             Type                      Level
   a - Beastly Appendage              Transmutation                1
   b - Sticks to Snakes               Transmutation                2
   c - Spider Form                    Transmutation/Poison         3
   d - Ice Form                       Ice/Transmutation            4
   e - Blade Hands                    Transmutation                5
Comestibles
 c - 5 rations


   Skills:
 + Level 1.3 Fighting
 * Level 0.0 Short Blades
 + Level 0.7 Throwing
 + Level 2.3 Dodging
 * Level 2.2 Stealth
 * Level 0.0 Shields
 + Level 3.2 Unarmed Combat
 + Level 2.2 Spellcasting
 + Level 2.2 Transmutations


You had 5 spell levels left.
You knew the following spells:

 Your Spells              Type           Power        Failure   Level  Hunger
a - Beastly Appendage     Tmut           #.....       14%         1    #......


Dungeon Overview and Level Annotations

Branches:
Dungeon (2/15)

Altars:

Annotations:
D:2 Crazy Yiuf


Innate Abilities, Weirdness & Mutations

You cannot wear most types of armour.
You are very stealthy in the water. (Stealth+)
You are amphibious.
You can wear up to eight rings at the same time.
You can use your tentacles to constrict eight enemies at once.
Your skin changes colour to match your surroundings (Stealth+).
Your rubbery body absorbs attacks. (AC +1, EV +1)


Message History

Found a mace.
There is an open door here.
The helpless Crazy Yiuf fails to defend himself.
You hit Crazy Yiuf. You grab Crazy Yiuf.
Crazy Yiuf is moderately wounded.
You constrict Crazy Yiuf, but do no damage.
Crazy Yiuf hits you with a quarterstaff of chaos!
You are confused.
You're too confused to cast spells.
Unknown command.
You release your grip on Crazy Yiuf.
Crazy Yiuf hits you but does no damage.
You closely miss Crazy Yiuf.
Crazy Yiuf is moderately wounded.
Crazy Yiuf closely misses you.
You hit Crazy Yiuf but do no damage.
Crazy Yiuf is moderately wounded.
You feel less confused.
Crazy Yiuf hits you with a quarterstaff of chaos!
Ouch! That really hurt!
You die...

......<.#
#######.# ###
##### ....#
######♣♣ #####
###..#.♣♣ ♣♣#..)#
........♣♣♣♣.'..g#
###......♣..♣#..@#
##.#..♣.♣♣♣#####
###♣♣♣♣♣


You could see Crazy Yiuf.

Vanquished Creatures
  An adder (D:2)
  An ooze (D:2)
  A dart slug (D:1)
  A leopard gecko (D:1)
  A giant cockroach (D:1)
  4 goblins
  4 hobgoblins
  A ball python (D:1)
  6 bats
  A frilled lizard (D:2)
  3 kobolds
  2 rats (D:1)
26 creatures vanquished.

Notes
Turn   | Place    | Note
-------+----------+-------------------------------------------
     0 | D:1      | suicidejoker the Octopode Transmuter began the quest for the Orb.
     0 | D:1      | Reached XP level 1. HP: 13/13 MP: 3/3
   168 | D:1      | Reached skill level 1 in Stealth
   168 | D:1      | Reached XP level 2. HP: 17/18 MP: 5/5
   827 | D:2      | Reached XP level 3. HP: 23/23 MP: 6/6
  1131 | D:2      | Found a runed door.
  1135 | D:2      | Noticed Crazy Yiuf
  1142 | D:2      | Slain by Crazy Yiuf

Skill      XL: |  1  2  3 |
---------------+----------+-----
Stealth        | 1 2 |  2.2
Fighting       | |  1.3
Throwing       | |  0.7
Dodging        | |  2.3
Unarmed Combat | |  3.2
Spellcasting   | |  2.2
Transmutations | |  2.2

Action                   || total
-------------------------++-------
Melee: Unarmed           ||    38
       Constrict         ||    13
       Tentacles         ||    10
       Punch             ||     1
       Dagger            ||     3
       Short sword       ||     2
 Fire: Hunting sling     ||    17
  Use: Scroll            ||     5
 Stab: Sleeping          ||     6
Armor: Skin              ||    10
Dodge: Dodged            ||    33
